 Dungeon Crawl Stone Soup version 0.26-a0-591-g04f19ec95a (webtiles) character file.

Game seed: 5664104556209332820

97 Devinter the Skirmisher (level 4, -3/37 HPs)
             Began as a Demonspawn Monk on Aug 24, 2020.
             Slain by Natasha (7 damage)
             ... on level 2 of the Dungeon.
             The game lasted 00:09:24 (2042 turns).

Devinter the Skirmisher (Demonspawn Monk)           Turns: 2042, Time: 00:09:25

Health: -3/37      AC:  3    Str: 11    XL:     4   Next: 42%
Magic:  4/4        EV: 13    Int: 11    God:
Gold:   26         SH:  0    Dex: 17    Spells: 3/3 levels left

rFire    . . .     SeeInvis .   a - +0 falchion
rCold    . . .     Faith    .   (no shield)
rNeg     . . .     Spirit   .   b - +0 robe
rPois    .         Reflect  .   (helmet restricted)
rElec    .         Harm     .   l - +0 cloak
rCorr    .                      (no gloves)
MR       .....                  (no boots)
Stlth    ++........             g - amulet of regeneration
HPRegen  0.52/turn              (no ring)
MPRegen  0.09/turn              (no ring)

@: slowed, very slow
A: antennae 1, rot immunity
a: no special abilities


You were on level 2 of the Dungeon.
You visited 1 branch of the dungeon, and saw 2 of its levels.

You collected 26 gold pieces.

Inventory:

Hand Weapons
 a - a +0 falchion (weapon)
Missiles
 i - 40 sling bullets
 k - 4 bolts
Armour
 b - a +0 robe (worn)
 l - a +0 cloak (worn)
Jewellery
 g - an amulet of regeneration (around neck)
Scrolls
 d - 4 scrolls of identify {unknown}
 e - a scroll of blinking {unknown}
 f - 3 scrolls of enchant weapon {unknown}
 m - a scroll of teleportation {unknown}
 n - a scroll of fog {unknown}
 o - a scroll of immolation {unknown}
Potions
 c - 5 potions of curing
 h - a potion of cancellation {unknown}
 j - a potion of might


   Skills:
 + Level 4.1 Fighting
 + Level 3.7 Long Blades
 - Level 3.0 Dodging
 - Level 2.0 Stealth


You had 3 spell levels left.
You didn't know any spells.
Your spell library was empty.

Dungeon Overview and Level Annotations

Branches:
Dungeon (2/15)

Altars:

Annotations:
D:2 Natasha


Innate Abilities, Weirdness & Mutations

You have a pair of small antennae on your head.
You are immune to rotting.


Message History

Natasha is moderately wounded.
Natasha claws you!
You hit Natasha.
Natasha is heavily wounded.
Natasha drinks a potion.
Natasha is healed!
Natasha claws you but does no damage.
You closely miss Natasha.
Natasha is moderately wounded.
Natasha casts a spell at you. The magic dart hits you!
* * * LOW HITPOINT WARNING * * *
Natasha claws you but does no damage.
You closely miss Natasha.
Natasha is moderately wounded.
Natasha claws you.
* * * LOW HITPOINT WARNING * * *
You closely miss Natasha.
Natasha is moderately wounded.
Natasha claws you!
You die...

...# ..## .. #. #.##
.... #.# .....
....###.#### #.##.
...........# #
...........# #
...(.......#
#......h.# #.....@..#
#.###'###### #
#........# # ..
#.#........# ### ##.#
#.#........# ... ..#
#.#....[...#
#######.###.#........#
.....##..##.###.######
...................#


You could see Natasha.

Vanquished Creatures
  Natasha (D:2)
  An adder (D:2)
  A gnoll (D:1)
  4 worms (D:2)
  A dart slug (D:1)
  3 bats
  3 giant cockroaches (D:1)
  2 hobgoblins (D:1)
  2 ball pythons (D:1)
  4 frilled lizards
  6 goblins
  6 kobolds
  9 rats
43 creatures vanquished.

Notes
Turn   | Place    | Note
-------+----------+-------------------------------------------
     0 | D:1      | Devinter the Demonspawn Monk began the quest for the Orb.
     0 | D:1      | Reached XP level 1. HP: 18/18 MP: 1/1
    82 | D:1      | Reached skill level 2 in Stealth
   142 | D:1      | Gained mutation: You are immune to rotting. [demonic
                  | ancestry]
   142 | D:1      | Reached XP level 2. HP: 24/24 MP: 2/2
   782 | D:1      | Reached skill level 3 in Long Blades
   782 | D:1      | Reached skill level 3 in Dodging
  1124 | D:1      | Reached XP level 3. HP: 29/29 MP: 3/3
  1831 | D:2      | Noticed Natasha
  1847 | D:2      | Killed Natasha
  1847 | D:2      | Reached skill level 4 in Fighting
  1847 | D:2      | Gained mutation: You have a pair of small antennae on your
                  | head. [demonic ancestry]
  1847 | D:2      | Reached XP level 4. HP: 14/37 MP: 4/4
  2031 | D:2      | Noticed Natasha
  2041 | D:2      | HP: 3/37 [Natasha (6)]
  2042 | D:2      | Slain by Natasha

Illustrated notes

Levels and vault maps discovered:
D:1:      dpeg_arrival_ternary, layout_loops_ring, minmay_heptomino_o4
D:2:      layout_basic, uniq_natasha

Skill      XL: |  1  2  3 |
---------------+----------+-----
Stealth        | 2 |  2.0
Long Blades    | 3 |  3.7
Dodging        | 3 |  3.0
Fighting       | 4 |  4.1

Action                   |  1- 3 |  4- 6 || total
-------------------------+-------+-------++-------
Melee: Falchion          |   143 |    29 ||   172
 Stab: Sleeping          |     4 |     1 ||     5
       Distracted        |       |     1 ||     1
Armor: Robe              |    18 |     7 ||    25
Dodge: Dodged            |    66 |    13 ||    79
       Rpst.: Falchion   |    18 |     4 ||    22

Table legend: (Time is in decaauts)
 A = Elapsed time spent in this place.
 B = Non-inter-level travel time spent in this place.
 C = Inter-level travel time spent in this place.
 D = Time resting spent in this place.
 E = Time spent auto-exploring this place.
 F = Levels seen in this place.
 G = Mean time per level.
                   A        B        C        D        E       F      G
               +--------+--------+--------+--------+--------+-----+--------+
         Total |   2069 |   1992 |     77 |    724 |    133 |   2 | 1034.5 |
       Dungeon |   2069 |   1992 |     77 |    724 |    133 |   2 | 1034.5 |
               +--------+--------+--------+--------+--------+-----+--------+

Top non-repeatable levels by time:
     D:1: 1335 daAuts
     D:2: 734 daAuts
